[Event "December 19 Early 2023"]
[Site "https://www.chess.com"]
[Date "2023.12.19"]
[Round "4"]
[White "Asish Panda"]
[Black "Adla, Diego"]
[Result "0-1"]
[Board "83"]
[TimeControl "180+1"]
[WhiteFideId "45012458"]
[BlackFideId "100072"]
[WhiteElo "1767"]
[BlackElo "2377"]
[WhiteTeam "IND"]
[BlackTeam "ARG"]
[WhiteClock "0:00:00"]
[BlackClock "0:00:16"]

1. e4 e5 2. Nf3 Nc6 3. Bc4 Nf6 4. d3 Bc5 5. c3 O-O 6. Nbd2 a5 7. Nf1 d5 8. exd5 Nxd5 9. Ng3 Nb6 10. Bb3 a4 11. Bc2 Bg4 12. h3 Bxf3 13. Qxf3 f5 14. Nxf5 Qd7 15. g4 g6 16. Nh6+ Kg7 17. Qe4 Rxf2 18. d4 Nxd4 19. cxd4 Bxd4 20. Rf1 Raf8 21. Rxf2 Rxf2 22. Bg5 a3 23. bxa3 Rxc2 24. Qxc2 Bxa1 25. Qf2 e4 26. Be3 Bc3+ 27. Kf1 Qd1+ 28. Kg2 Qf3+ 29. Qxf3 exf3+ 30. Kxf3 Nd5 31. g5 Nxe3 32. Kxe3 Bb2 33. h4 Bxa3 34. Ng4 Bd6 35. Kf3 Kf7 36. Nf6 h5 37. Ne4 Ke6 38. Nd2 Kd5 39. Nf1 c5 40. Ke3 c4 41. Kd2 Bf4+ 42. Kc3 b5 43. Kb4 Kc6 44. a4 bxa4 45. Kc3 Kc5 0-1

[Event "December 19 Early 2023"]
[Site "https://www.chess.com"]
[Date "2023.12.19"]
[Round "4"]
[White "Krysa, Leandro"]
[Black "Cattaneo, Marco"]
[Result "1-0"]
[Board "84"]
[TimeControl "180+1"]
[WhiteFideId "116807"]
[BlackFideId "878332"]
[WhiteElo "2495"]
[BlackElo "2186"]
[WhiteTeam "ARG"]
[BlackTeam "ITA"]
[WhiteClock "0:01:20"]
[BlackClock "0:00:32"]

1. e4 g6 2. d4 Bg7 3. Bc4 c5 4. d5 d6 5. a4 Nf6 6. Nc3 O-O 7. Nf3 Na6 8. O-O Nc7 9. h3 Rb8 10. Re1 Nd7 11. Bf4 Ne5 12. Nxe5 dxe5 13. Be3 b6 14. Nb5 Ne8 15. Nxa7 Bb7 16. Nc6 Bxc6 17. dxc6 Nd6 18. Bb5 Nxe4 19. Qxd8 Rbxd8 20. Ba6 Ra8 21. Bb7 Ra7 22. b4 Rb8 23. a5 bxa5 24. Rxa5 Rxa5 25. bxa5 Nd6 26. a6 1-0

[Event "December 19 Early 2023"]
[Site "https://www.chess.com"]
[Date "2023.12.19"]
[Round "4"]
[White "Haring, Filip"]
[Black "Hirneise, Jens"]
[Result "1-0"]
[Board "85"]
[TimeControl "180+1"]
[WhiteFideId "14933080"]
[BlackFideId "24614734"]
[WhiteElo "2375"]
[BlackElo "2311"]
[WhiteTeam "SVK"]
[BlackTeam "GER"]
[WhiteClock "0:00:19"]
[BlackClock "0:00:21"]

1. Nf3 g6 2. d4 Bg7 3. Bf4 Nf6 4. h3 O-O 5. e3 d5 6. c4 c5 7. Nc3 cxd4 8. exd4 Nc6 9. c5 Ne4 10. Be2 e5 11. Nxe5 Nxe5 12. Bxe5 Nxc3 13. bxc3 Qa5 14. O-O Bxe5 15. dxe5 Qxc3 16. Qxd5 Be6 17. Qxb7 Qxe5 18. Bf3 Qxc5 19. Qxa8 Rxa8 20. Bxa8 Bd5 21. Rac1 Qa5 22. Bxd5 Qxd5 23. Rc2 h5 24. Rfc1 a5 25. a4 Qb3 26. Rc4 Qa2 27. R1c3 Qe2 28. g3 Qd1+ 29. Kg2 Qd5+ 30. Kg1 Qd1+ 31. Kh2 Qe2 32. Rf4 Qe7 33. Rcf3 f5 34. h4 Qd7 35. Re3 Kf7 36. Rc3 Qd2 37. Rc7+ Kf6 38. Rc6+ Kf7 39. Ra6 Kg7 40. Ra7+ Kf6 41. Ra6+ Kg7 42. Kg2 Qd5+ 43. Kg1 Qd1+ 44. Kh2 Qd5 45. Rb6 Qc5 46. Rb5 Qc7 47. Rd4 Qa7 48. Rbd5 Qb6 49. Rd6 Qb2 50. Rd7+ Kf6 51. Kg2 Qc2 52. R4d6+ Ke5 53. Rxg6 Qxa4 54. Re7+ Kd5 55. Rf6 Qc2 56. Rd7+ Ke5 57. Ra6 Qe4+ 58. Kh2 a4 59. Re7+ Kd4 60. Rxe4+ Kxe4 61. Rxa4+ Kf3 62. Rf4+ Ke2 63. Rxf5 Kf1 64. Rg5 Ke2 65. Rxh5 Kf1 66. Rf5 Ke2 67. g4 Kf1 68. Kg3 Ke2 69. g5 Kf1 70. Kg4 Kg1 71. f4 Kh1 72. h5 Kg1 73. g6 Kh1 74. h6 Kg1 75. h7 Kg2 76. g7 Kg1 77. Rg5 Kg2 78. f5 Kg1 79. f6 Kf2 80. Re5 Kg1 81. f7 Kg2 82. Kf4 Kg1 83. Ke4 Kg2 84. f8=Q Kg1 85. g8=Q+ Kh2 86. h8=Q# 1-0

[Event "December 19 Early 2023"]
[Site "https://www.chess.com"]
[Date "2023.12.19"]
[Round "4"]
[White "Arabidze, Meri"]
[Black "Aaron, Deepak"]
[Result "1-0"]
[Board "86"]
[TimeControl "180+1"]
[WhiteFideId "13604040"]
[BlackFideId "2009412"]
[WhiteElo "2416"]
[BlackElo "2257"]
[WhiteTeam "GEO"]
[BlackTeam "USA"]
[WhiteClock "0:00:17"]
[BlackClock "0:00:03"]

1. Nf3 e6 2. c4 d5 3. g3 c6 4. Bg2 Bd6 5. O-O e5 6. Nc3 Ne7 7. cxd5 cxd5 8. Nb5 O-O 9. Nxd6 Qxd6 10. d4 e4 11. Nd2 Nbc6 12. Nb3 f5 13. f4 exf3 14. exf3 b6 15. Re1 Ba6 16. Bf4 Qd7 17. Be5 Nxe5 18. dxe5 f4 19. Nd4 Rac8 20. Qd2 Ng6 21. Rad1 Rce8 22. e6 Qd6 23. Qf2 Ne5 24. Bf1 Bxf1 25. Kxf1 Nc4 26. Kg2 Rf6 27. b3 Ne3+ 28. Rxe3 fxe3 29. Qxe3 Rfxe6 30. Nxe6 Rxe6 31. Qd3 h6 32. a4 Re5 33. f4 Re8 34. Qxd5+ Qxd5+ 35. Rxd5 Re2+ 36. Kh3 Re3 37. Rb5 Kh7 38. Kg4 Rc3 39. h4 Kg6 40. h5+ Kf6 41. b4 Rc6 42. a5 Ke6 43. axb6 axb6 44. Re5+ Kf6 45. b5 Rc3 46. Kh4 Rb3 47. Rd5 Kf7 48. Kg4 Rb4 49. Kf5 Rb3 50. g4 Ke7 51. Kg6 Rb4 52. Rf5 Rc4 53. Kxg7 Rc5 54. Kg6 Rc3 55. Kxh6 1-0

[Event "December 19 Early 2023"]
[Site "https://www.chess.com"]
[Date "2023.12.19"]
[Round "4"]
[White "Feuerstack, Aljoscha"]
[Black "Waldhausen Gordon, Frederick"]
[Result "0-1"]
[Board "87"]
[TimeControl "180+1"]
[WhiteFideId "4681932"]
[BlackFideId "2409143"]
[WhiteElo "2418"]
[BlackElo "2286"]
[WhiteTeam "GER"]
[BlackTeam "SCO"]
[WhiteClock "0:00:00"]
[BlackClock "0:01:16"]

1. e4 e5 2. Bc4 Nf6 3. d3 Nc6 4. Nc3 Bc5 5. f4 d6 6. f5 a6 7. Bg5 h6 8. Bh4 g5 9. fxg6 fxg6 10. a3 g5 11. Bg3 Bg4 12. Qd2 Nh5 13. Nge2 Nd4 14. O-O-O Nxe2+ 15. Nxe2 Nxg3 16. hxg3 Qd7 17. Rdf1 O-O-O 18. Rf7 Qe8 19. Rf6 h5 20. Nc3 Rf8 21. Rxf8 Qxf8 22. Qxg5 Qf2 23. Kb1 Qxg2 24. Qh4 Bf2 25. Nd5 Bxg3 26. Qe7 Qxh1+ 27. Ka2 Bd7 28. Nf6 Bh4 0-1

[Event "December 19 Early 2023"]
[Site "https://www.chess.com"]
[Date "2023.12.19"]
[Round "4"]
[White "Cieslak, Patryk"]
[Black "Davidson, Kevin"]
[Result "1-0"]
[Board "88"]
[TimeControl "180+1"]
[WhiteFideId "21078882"]
[BlackFideId "2056810"]
[WhiteElo "2149"]
[BlackElo "2151"]
[WhiteTeam "POL"]
[BlackTeam "USA"]
[WhiteClock "0:00:04"]
[BlackClock "0:00:00"]

1. e4 c5 2. Nf3 d6 3. d4 cxd4 4. Nxd4 Nf6 5. Nc3 a6 6. Rg1 e5 7. Nb3 Be6 8. g4 h6 9. Be3 Nc6 10. h4 d5 11. exd5 Nxd5 12. Nxd5 Bxd5 13. c3 Be7 14. g5 hxg5 15. hxg5 g6 16. Qg4 Be6 17. Qa4 b5 18. Qe4 Qd5 19. Bg2 Rd8 20. Qc2 Qc4 21. Nd2 Nb4 22. Qb1 Nd3+ 23. Kf1 Qc7 24. Be4 Nf4 25. Bxf4 exf4 26. Qc2 Qe5 27. Nf3 Qd6 28. b3 Bh3+ 29. Ke2 Rh5 30. Rad1 Qc7 31. Rxd8+ Qxd8 32. Qd3 Qxd3+ 33. Kxd3 Be6 34. c4 bxc4+ 35. bxc4 Kd7 36. Ne5+ Kc7 37. Nf3 Bc5 38. Rf1 Rh8 39. Kc3 Rd8 40. Bd3 a5 41. Kc2 Bb4 42. Rh1 a4 43. Ne5 1-0

[Event "December 19 Early 2023"]
[Site "https://www.chess.com"]
[Date "2023.12.19"]
[Round "4"]
[White "Volkov, Maksim"]
[Black "Sanchez Alvares, Kelvin Antonio"]
[Result "1-0"]
[Board "89"]
[TimeControl "180+1"]
[WhiteFideId "54123070"]
[BlackFideId "3906680"]
[WhiteElo "2293"]
[BlackElo "2217"]
[WhiteTeam "RUS"]
[BlackTeam "VEN"]
[WhiteClock "0:00:19"]
[BlackClock "0:00:06"]

1. d4 d5 2. c4 c6 3. Nf3 Nf6 4. e3 e6 5. Bd3 Nbd7 6. O-O dxc4 7. Bxc4 b5 8. Bd3 a6 9. e4 Bb7 10. Re1 Be7 11. Nc3 c5 12. d5 c4 13. Bc2 Bc5 14. Ng5 e5 15. Be3 h6 16. Ne6 fxe6 17. dxe6 Bxe3 18. exd7+ Qxd7 19. Qxd7+ Kxd7 20. Rxe3 Ke6 21. b3 Rhd8 22. bxc4 bxc4 23. Rb1 Bc6 24. Rb6 Rd6 25. Re1 Nd7 26. Rb4 Rd4 27. Bd1 Nc5 28. Bg4+ Kd6 29. Rb6 Nd3 30. Reb1 Nc5 31. f3 Rd3 32. Nd5 Rd8 33. Nb4 Rd2 34. Rxc6+ Ke7 35. Rxc5 Re2 36. Nc6+ Ke8 37. Nxd8 Kxd8 38. Rxc4 Ke7 39. Rb7+ 1-0

[Event "December 19 Early 2023"]
[Site "https://www.chess.com"]
[Date "2023.12.19"]
[Round "4"]
[White "Martinez Reyes, Pedro Ramon"]
[Black "Goltsev, Dmitry"]
[Result "1-0"]
[Board "90"]
[TimeControl "180+1"]
[WhiteFideId "3901807"]
[BlackFideId "24176710"]
[WhiteElo "2327"]
[BlackElo "2370"]
[WhiteTeam "VEN"]
[BlackTeam "RUS"]
[WhiteClock "0:01:15"]
[BlackClock "0:00:06"]

1. Nf3 d5 2. g3 c6 3. Bg2 Nf6 4. O-O g6 5. d3 Bg7 6. Nbd2 O-O 7. e4 dxe4 8. dxe4 Nbd7 9. Qe2 e5 10. a4 Nc5 11. Nxe5 Nfxe4 12. Nxe4 Nxe4 13. Qxe4 Re8 14. Nxc6 bxc6 15. Qxc6 Rb8 16. Bg5 f6 17. Rad1 Qe7 18. Bf4 Rxb2 19. Bd6 Qf7 20. Bd5 Be6 21. Rfe1 Rb6 22. Rxe6 Rxe6 23. Qc8+ Re8 24. Qxe8+ 1-0

[Event "December 19 Early 2023"]
[Site "https://www.chess.com"]
[Date "2023.12.19"]
[Round "4"]
[White "Khumalo, Keith"]
[Black "Santos Flores, Alberto"]
[Result "1-0"]
[Board "91"]
[TimeControl "180+1"]
[WhiteFideId "14319470"]
[BlackFideId "3601234"]
[WhiteElo "2093"]
[BlackElo "2229"]
[WhiteTeam "RSA"]
[BlackTeam "ECU"]
[WhiteClock "0:01:21"]
[BlackClock "0:00:11"]

1. d4 Nf6 2. c4 d6 3. Nc3 e5 4. d5 e4 5. Bg5 Bf5 6. h3 Nbd7 7. g4 Bg6 8. Bg2 h6 9. Bf4 Bh7 10. Qd4 Qe7 11. Nb5 Ne5 12. Bxe5 dxe5 13. Qd2 a6 14. Nc3 Qd7 15. e3 Bb4 16. Nge2 O-O 17. O-O b5 18. b3 c6 19. Rfd1 cxd5 20. cxd5 Rfd8 21. a3 Bf8 22. Ng3 Rac8 23. Ngxe4 Bxe4 24. Nxe4 Nxd5 25. a4 Nb6 26. Qe2 Qe8 27. axb5 Qxb5 28. Qxb5 axb5 29. Rxd8 Rxd8 30. Ra5 b4 31. Rxe5 Rd1+ 32. Kh2 Rb1 33. Rb5 Nd7 34. Nd2 Rb2 35. Rd5 Nc5 36. Rd8 Nxb3 37. Nxb3 Rxb3 38. Bd5 Rb2 39. Kg2 g5 40. Rd7 Rb1 41. Rxf7 Bg7 42. f4 gxf4 43. exf4 b3 44. Rb7+ Kf8 45. Bxb3 Bd4 46. Kf3 Rb2 47. Ke4 Bf6 48. Kf5 Be7 49. Kg6 Rh2 50. Rb8+ Bd8 51. Rxd8+ Ke7 52. Rd3 1-0

[Event "December 19 Early 2023"]
[Site "https://www.chess.com"]
[Date "2023.12.19"]
[Round "4"]
[White "Tologon tegin, Semetei"]
[Black "Iljin, Timofey"]
[Result "0-1"]
[Board "92"]
[TimeControl "180+1"]
[WhiteFideId "13800574"]
[BlackFideId "14110180"]
[WhiteElo "2258"]
[BlackElo "2380"]
[WhiteTeam "KGZ"]
[BlackTeam "UKR"]
[WhiteClock "0:00:00"]
[BlackClock "0:00:12"]

1. Nf3 f5 2. e3 Nf6 3. c4 g6 4. b3 Bg7 5. Bb2 O-O 6. d4 d6 7. Nbd2 Qe8 8. c5 Nc6 9. cxd6 cxd6 10. Bc4+ Kh8 11. d5 Nb4 12. O-O b5 13. Be2 Nbxd5 14. a4 bxa4 15. bxa4 e5 16. Nc4 Qd8 17. Ba3 Nc3 18. Qc2 Nxe2+ 19. Qxe2 Ba6 20. Qa2 Ne4 21. Rac1 Rc8 22. Rfd1 Qe8 23. Nxd6 Rxc1 24. Rxc1 Qxa4 25. Nxe4 fxe4 26. Ng5 h6 27. Nf7+ Kh7 0-1

[Event "December 19 Early 2023"]
[Site "https://www.chess.com"]
[Date "2023.12.19"]
[Round "4"]
[White "Durucay, Uygar"]
[Black "Timerkhanov, Alexander"]
[Result "1-0"]
[Board "93"]
[TimeControl "180+1"]
[WhiteFideId "44591560"]
[BlackFideId "24177938"]
[WhiteElo "1913"]
[BlackElo "2278"]
[WhiteTeam "TUR"]
[BlackTeam "RUS"]
[WhiteClock "0:00:18"]
[BlackClock "0:00:04"]

1. d4 d5 2. c4 c6 3. cxd5 cxd5 4. Bf4 Nc6 5. e3 Nf6 6. Nc3 a6 7. Bd3 Bg4 8. Nge2 Bxe2 9. Qxe2 e6 10. O-O Bd6 11. Bxd6 Qxd6 12. a3 O-O 13. Rac1 b5 14. a4 b4 15. Nb1 a5 16. Nd2 e5 17. dxe5 Nxe5 18. Nb3 Nfg4 19. g3 Qh6 20. h4 g5 21. Bf5 Nf6 22. hxg5 Qxg5 23. Nd4 Ne4 24. Kg2 Ng6 25. Rh1 Rfe8 26. Rh5 Qf6 27. Rch1 Ng5 28. Qg4 Ne6 29. Bxe6 fxe6 30. Rxh7 e5 31. R1h6 Ra6 32. Nf5 d4 33. Rg7+ Qxg7 34. Nxg7 Kxg7 35. Rh1 Rd6 36. exd4 exd4 37. Qh5 d3 38. Qh7+ Kf6 39. Rh6 Kg5 40. f4+ Kf5 41. Qf7+ Rf6 42. Qxe8 d2 43. Qd7+ Ke4 44. Qxd2 Nxf4+ 45. Qxf4+ Rxf4 46. gxf4 1-0

[Event "December 19 Early 2023"]
[Site "https://www.chess.com"]
[Date "2023.12.19"]
[Round "4"]
[White "Rangel, Daniel"]
[Black "Wu, Derek"]
[Result "1-0"]
[Board "94"]
[TimeControl "180+1"]
[WhiteFideId "2124475"]
[BlackFideId "30914558"]
[WhiteElo "2267"]
[BlackElo "2211"]
[WhiteTeam "BRA"]
[BlackTeam "USA"]
[WhiteClock "0:00:13"]
[BlackClock "0:00:11"]

1. c4 Nf6 2. g3 c6 3. Bg2 d5 4. cxd5 cxd5 5. Nf3 Nc6 6. O-O Bg4 7. d3 e6 8. Bf4 Bd6 9. Bxd6 Qxd6 10. Nc3 O-O 11. a3 a6 12. Rc1 b5 13. Qd2 Bxf3 14. Bxf3 Nd4 15. Qe3 Nb3 16. Rc2 Rac8 17. d4 Na5 18. Qd3 Rc4 19. Nb1 Rfc8 20. Rfc1 g6 21. b3 R4c6 22. Kg2 R8c7 23. h4 h5 24. e3 Qd8 25. Rc5 Qc8 26. Qc3 Rxc5 27. dxc5 d4 28. Qxa5 dxe3 29. fxe3 Rxc5 30. Rxc5 Qxc5 31. Qd8+ Kg7 32. Qd2 Qf5 33. Nc3 e5 34. e4 Qe6 35. Nd5 Nd7 36. Qc3 Kh7 37. Qc7 Kg7 38. b4 Nf8 39. Qb6 Qc8 40. Qf6+ Kh7 41. Qxf7+ Kh8 42. Be2 Ne6 43. Qf6+ Kh7 44. Qxe5 Ng7 45. Qf4 Qc2 46. Nf6+ Kh8 47. Qb8+ Ne8 48. Qxe8+ Kg7 49. Qe7+ Kh8 50. Qh7# 1-0

[Event "December 19 Early 2023"]
[Site "https://www.chess.com"]
[Date "2023.12.19"]
[Round "4"]
[White "Aaditya Dhingra"]
[Black "Herman, Matthew"]
[Result "1-0"]
[Board "95"]
[TimeControl "180+1"]
[WhiteFideId "25678191"]
[BlackFideId "2028964"]
[WhiteElo "2269"]
[BlackElo "2368"]
[WhiteTeam "IND"]
[BlackTeam "USA"]
[WhiteClock "0:00:24"]
[BlackClock "0:00:07"]

1. a3 g6 2. b4 Bg7 3. Ra2 e5 4. Bb2 d5 5. g3 Be6 6. Bg2 c6 7. e3 a5 8. bxa5 d4 9. Ra1 Rxa5 10. exd4 exd4 11. Nf3 Ne7 12. d3 O-O 13. O-O Rh5 14. Nbd2 c5 15. Rb1 Nd5 16. Ne4 b6 17. Re1 Nc6 18. h4 Bg4 19. Qe2 Ne5 20. Ned2 Rf5 21. Qe4 Bxf3 22. Nxf3 Nxf3+ 23. Bxf3 Nf6 24. Qb7 Qd6 25. Bg2 Rb8 26. Qe7 Qxe7 27. Rxe7 Nd5 28. Ra7 Nc3 29. Re1 Re5 30. Rxe5 Bxe5 31. Bxc3 dxc3 32. Bd5 Rf8 33. a4 Kg7 34. Kg2 Kf6 35. f4 Bd4 36. g4 h6 37. Kf3 g5 38. Rb7 c4 39. Bxc4 gxh4 40. Kg2 Kg6 41. Kh3 Bf2 42. Bd5 f5 43. Be6 fxg4+ 44. Kxg4 Be3 45. f5+ Kf6 46. Kxh4 Ra8 47. Rf7+ Ke5 48. Bb3 Re8 49. Kh5 Kd4 50. f6 Bd2 51. Rd7+ Ke3 52. f7 Rf8 53. Kg6 Ke2 54. Kg7 Rxf7+ 55. Rxf7 h5 56. Rf5 h4 57. Rh5 Be1 58. Kg6 Kd1 59. Kg5 Kc1 60. Rxh4 Kd1 1-0

[Event "December 19 Early 2023"]
[Site "https://www.chess.com"]
[Date "2023.12.19"]
[Round "4"]
[White "Senft, Sean"]
[Black "Rozman, Levy"]
[Result "0-1"]
[Board "96"]
[TimeControl "180+1"]
[WhiteFideId "2044960"]
[BlackFideId "2039877"]
[WhiteElo "2005"]
[BlackElo "2376"]
[WhiteTeam "USA"]
[BlackTeam "USA"]
[WhiteClock "0:00:04"]
[BlackClock "0:00:16"]

1. d4 d5 2. c4 dxc4 3. e3 e5 4. Nf3 exd4 5. Qxd4 Bb4+ 6. Bd2 Bxd2+ 7. Nbxd2 Qxd4 8. Nxd4 a6 9. Bxc4 Nf6 10. Rc1 c5 11. N4b3 b5 12. Be2 c4 13. Bf3 Ra7 14. Nd4 O-O 15. a4 Bd7 16. O-O Rc7 17. axb5 Bxb5 18. Nb1 Nbd7 19. Nc3 Rb8 20. Rc2 Ne5 21. Be2 Rcb7 22. Rd1 g6 23. h3 Rc8 24. Rcd2 Kg7 25. Nf3 Re7 26. Nxe5 Rxe5 27. Rd8 Re8 28. Rxe8 Nxe8 29. Rd5 Nf6 30. Rd6 Rb8 31. Kf1 Ne8 32. Rd5 Nc7 33. Rc5 Ne6 34. Rd5 Kf6 35. Rd6 Ke7 36. Rd1 Nc5 37. Ke1 Bc6 38. Ra1 Bxg2 39. Bxc4 Rxb2 40. Bxa6 Nxa6 41. Rxa6 Bxh3 42. Ra7+ Kf6 43. Nd5+ Kg7 44. Nf4 Bf5 45. Kf1 Be4 46. Ne6+ Kf6 47. Nd4 h5 48. Ra6+ Kg7 49. Ra7 h4 50. Kg1 Rb1+ 51. Kh2 Rh1# 0-1

[Event "December 19 Early 2023"]
[Site "https://www.chess.com"]
[Date "2023.12.19"]
[Round "4"]
[White "Chojnacki, Slawomir"]
[Black "Thorfinnsson, Bjorn"]
[Result "0-1"]
[Board "97"]
[TimeControl "180+1"]
[WhiteFideId "1117076"]
[BlackFideId "2300982"]
[WhiteElo "2129"]
[BlackElo "2394"]
[WhiteTeam "POL"]
[BlackTeam "ISL"]
[WhiteClock "0:01:05"]
[BlackClock "0:00:57"]

1. d4 d5 2. Bf4 e6 3. Nf3 c5 4. e3 Nc6 5. c3 Nf6 6. Nbd2 h6 7. Bd3 Nh5 8. Be5 Nxe5 9. dxe5 g6 10. Qc2 Qc7 11. c4 Ng7 12. h4 Bd7 13. g4 O-O-O 14. h5 g5 15. O-O-O Bc6 16. Rhe1 Be7 17. Ng1 Ne8 18. Ndf3 Kb8 19. Rd2 Qa5 20. Red1 Nc7 21. b3 Na6 22. Kb2 Nb4 23. Qb1 dxc4 24. Bxc4 b5 25. Be2 Nd5 26. Qc1 c4 27. Kb1 Nc3+ 28. Kc2 Be4+ 29. Kb2 Ba3+ 0-1

[Event "December 19 Early 2023"]
[Site "https://www.chess.com"]
[Date "2023.12.19"]
[Round "4"]
[White "Piesik, Piotr"]
[Black "Krzywda, Andrzej"]
[Result "1-0"]
[Board "98"]
[TimeControl "180+1"]
[WhiteFideId "1136194"]
[BlackFideId "1114565"]
[WhiteElo "2319"]
[BlackElo "2130"]
[WhiteTeam "CZE"]
[BlackTeam "POL"]
[WhiteClock "0:01:01"]
[BlackClock "0:00:08"]

1. e4 e5 2. Nc3 Nf6 3. Bc4 Nc6 4. d3 Bb4 5. Ne2 d5 6. exd5 Nxd5 7. O-O Bxc3 8. bxc3 O-O 9. Rb1 Nb6 10. Bb3 a5 11. a3 a4 12. Ba2 Qe7 13. Ng3 Re8 14. Qh5 Be6 15. Bxe6 Qxe6 16. c4 Nd4 17. Rb2 Rad8 18. Bg5 f6 19. Be3 c5 20. Ne4 Qc6 21. Rfb1 Nd7 22. Bxd4 exd4 23. Rxb7 g6 24. Qh4 g5 25. Qh6 Rf8 26. Nxg5 Rf7 27. Nxf7 Re8 28. Ng5 Nf8 29. Qg7# 1-0

[Event "December 19 Early 2023"]
[Site "https://www.chess.com"]
[Date "2023.12.19"]
[Round "4"]
[White "Lopusiewicz, Piotr"]
[Black "Puzzlebot_1294"]
[Result "1/2-1/2"]
[Board "99"]
[TimeControl "180+1"]
[WhiteFideId "1116029"]
[WhiteElo "2286"]
[BlackElo "2658"]
[WhiteTeam "POL"]
[WhiteClock "0:00:48"]
[BlackClock "0:01:45"]

1. d4 Nf6 2. c4 e6 3. Nf3 Bb4+ 4. Bd2 Qe7 5. g3 Nc6 6. Bg2 Bxd2+ 7. Qxd2 Ne4 8. Qc2 Qb4+ 9. Kf1 d5 10. e3 Qxc4+ 11. Qxc4 dxc4 12. Nfd2 Nd6 13. Na3 Na5 14. Rc1 O-O 15. Naxc4 Naxc4 16. Nxc4 Nxc4 17. Rxc4 c6 18. Ke2 Bd7 19. a4 Rfd8 20. Rhc1 Rab8 21. Rc5 Be8 22. h4 Kf8 23. f4 Ke7 24. g4 Kd6 25. g5 f6 26. Bf3 Ke7 27. R5c3 Bf7 28. a5 a6 29. b4 Kf8 30. Rc5 Ke7 31. Rg1 Rg8 32. h5 h6 33. e4 Rgd8 34. Ke3 Rd7 35. g6 Bg8 36. Rd1 Rbd8 37. e5 f5 38. Bg2 Kf8 39. Rd2 Ke7 40. Rd1 Ke8 41. Rd2 Kf8 42. Rd1 Ke7 43. Rd2 1/2-1/2

[Event "December 19 Early 2023"]
[Site "https://www.chess.com"]
[Date "2023.12.19"]
[Round "4"]
[White "Munkhgal, Gombosuren"]
[Black "Melikhov, Evgeny V."]
[Result "1-0"]
[Board "100"]
[TimeControl "180+1"]
[WhiteFideId "4901266"]
[BlackFideId "4122046"]
[WhiteElo "2519"]
[BlackElo "2165"]
[WhiteTeam "MGL"]
[BlackTeam "GRE"]
[WhiteClock "0:01:02"]
[BlackClock "0:00:00"]

1. d4 Nf6 2. Bf4 d5 3. e3 e6 4. Nf3 Bd6 5. Bg3 O-O 6. Nbd2 c5 7. c3 Qc7 8. dxc5 Qxc5 9. Bd3 Nbd7 10. Qe2 Re8 11. Rd1 Qc7 12. e4 dxe4 13. Nxe4 Bxg3 14. hxg3 h6 15. Nxf6+ Nxf6 16. Ne5 Rd8 17. g4 Nd7 18. Nxd7 Bxd7 19. g5 hxg5 20. Qh5 Kf8 21. Qh8+ Ke7 22. Qxg7 Qf4 23. g3 Qf6 24. Qxf6+ Kxf6 25. Be4 Bc6 26. Bxc6 bxc6 27. Ke2 Rd5 28. c4 Rxd1 29. Rxd1 Ke5 30. Rd7 f5 31. Ke3 a5 32. f4+ gxf4+ 33. gxf4+ Kf6 34. Rc7 Rb8 35. b3 a4 36. bxa4 Ra8 37. Rxc6 Rxa4 38. Rc7 Rxa2 39. c5 Ra3+ 40. Ke2 Ra4 41. Ke3 Ra3+ 42. Kd4 Rf3 43. c6 Rxf4+ 44. Kc5 Rf1 45. Rc8 Ke5 46. Rd8 Rc1+ 47. Kb6 f4 48. c7 f3 49. Rd1 1-0

[Event "December 19 Early 2023"]
[Site "https://www.chess.com"]
[Date "2023.12.19"]
[Round "4"]
[White "Nilsson, Joakim"]
[Black "Fromm, Marius"]
[Result "1-0"]
[Board "101"]
[TimeControl "180+1"]
[WhiteFideId "1723383"]
[BlackFideId "12993190"]
[WhiteElo "2143"]
[BlackElo "2335"]
[WhiteTeam "SWE"]
[BlackTeam "GER"]
[WhiteClock "0:00:15"]
[BlackClock "0:00:09"]

1. d4 d5 2. Nf3 Nc6 3. Bf4 Bg4 4. e3 e6 5. Nbd2 Bd6 6. Bg3 Nf6 7. c3 O-O 8. Qc2 Bf5 9. Bd3 Bxd3 10. Qxd3 Qe7 11. Ne5 Bxe5 12. dxe5 Nd7 13. Nf3 Nc5 14. Qc2 Ne4 15. Bh4 g5 16. Bg3 f6 17. exf6 Rxf6 18. O-O Raf8 19. c4 h5 20. cxd5 exd5 21. Qb3 Qe6 22. Rad1 h4 23. Bxc7 h3 24. Rxd5 hxg2 25. Kxg2 Rxf3 26. Bg3 Qf7 27. Qd3 Qf5 28. Rxf5 1-0

[Event "December 19 Early 2023"]
[Site "https://www.chess.com"]
[Date "2023.12.19"]
[Round "4"]
[White "Salinas Tomas, Daniel"]
[Black "Yeritsyan, Hayk"]
[Result "0-1"]
[Board "102"]
[TimeControl "180+1"]
[WhiteFideId "24597716"]
[BlackFideId "13307320"]
[WhiteElo "2172"]
[BlackElo "2130"]
[WhiteTeam "ESP"]
[BlackTeam "ARM"]
[WhiteClock "0:01:10"]
[BlackClock "0:01:38"]

1. Nf3 Nf6 2. g3 g6 3. Bg2 Bg7 4. O-O O-O 5. c4 c5 6. d4 cxd4 7. Nxd4 Nc6 8. Nc2 d6 9. Nc3 Nd7 10. Qd2 Qa5 11. Rb1 Nb6 12. b4 Qe5 13. Nd5 Nxc4 14. Qd3 b5 15. Bf4 Qh5 16. Nxe7+ Nxe7 17. Bc6 Nxc6 0-1

[Event "December 19 Early 2023"]
[Site "https://www.chess.com"]
[Date "2023.12.19"]
[Round "4"]
[White "Nigalidze, Gaioz"]
[Black "Begunov, Konstantin"]
[Result "0-1"]
[Board "103"]
[TimeControl "180+1"]
[WhiteFideId "13603078"]
[BlackFideId "4118510"]
[WhiteElo "2400"]
[BlackElo "2082"]
[WhiteTeam "GEO"]
[BlackTeam "RUS"]
[WhiteClock "0:00:03"]
[BlackClock "0:00:04"]

1. d4 d5 2. c4 c6 3. cxd5 cxd5 4. Nc3 Nf6 5. Bf4 Nc6 6. e3 a6 7. Be2 Bf5 8. Nf3 e6 9. Qb3 Ra7 10. Ne5 Nxe5 11. dxe5 Nd7 12. Qa4 Ra8 13. O-O Be7 14. e4 b5 15. Qd4 Bc5 16. Qd3 dxe4 17. Nxe4 Qc7 18. Rac1 Qb6 19. Qf3 Bxe4 20. Qxe4 O-O 21. b4 Be7 22. Bd3 g6 23. h4 Rfc8 24. h5 Nf8 25. hxg6 Nxg6 26. Bg3 a5 27. a3 axb4 28. axb4 Rab8 29. Kh2 Rxc1 30. Rxc1 Qb7 31. Qg4 Qd5 32. Bb1 Qd2 33. Rc2 Qxb4 34. Qh5 Qxb1 35. Rc7 Qf5 36. Qe2 b4 37. Qa6 b3 38. Qa7 Rd8 39. f4 b2 40. Rc8 Rxc8 41. Qxe7 Kg7 42. Qg5 b1=Q 43. Qf6+ Qxf6 44. exf6+ Kxf6 0-1

[Event "December 19 Early 2023"]
[Site "https://www.chess.com"]
[Date "2023.12.19"]
[Round "4"]
[White "Balint, Vilmos"]
[Black "Wadsworth, Matthew J"]
[Result "0-1"]
[Board "104"]
[TimeControl "180+1"]
[WhiteFideId "718050"]
[BlackFideId "415804"]
[WhiteElo "2139"]
[BlackElo "2266"]
[WhiteTeam "HUN"]
[BlackTeam "ENG"]
[WhiteClock "0:02:13"]
[BlackClock "0:00:47"]

1. e4 c5 2. Nf3 e6 3. d4 cxd4 4. Nxd4 Nc6 5. Nxc6 bxc6 6. Bd3 d5 7. O-O Nf6 8. Nc3 Be7 9. h3 O-O 10. Bf4 a5 11. Rb1 Ba6 12. Re1 Qb6 13. Na4 Qb4 14. c3 Qb7 15. Qe2 Nxe4 16. f3 Bxd3 17. Qxd3 Nc5 18. Nxc5 Bxc5+ 19. Kh1 Qa6 20. Qd2 a4 21. b3 axb3 22. axb3 Rfc8 23. Be5 Bf8 24. c4 dxc4 25. b4 Rd8 26. Qc3 Rd3 27. Qc2 Qb5 28. Rec1 Qxe5 0-1

[Event "December 19 Early 2023"]
[Site "https://www.chess.com"]
[Date "2023.12.19"]
[Round "4"]
[White "Marin Pincheira, Carlos"]
[Black "Gubajdullin, Alexei"]
[Result "0-1"]
[Board "105"]
[TimeControl "180+1"]
[WhiteFideId "3407543"]
[BlackFideId "4141202"]
[WhiteElo "2080"]
[BlackElo "2274"]
[WhiteTeam "CHI"]
[BlackTeam "RUS"]
[WhiteClock "0:00:04"]
[BlackClock "0:01:36"]

1. Nf3 Nf6 2. d4 c5 3. c4 cxd4 4. Nxd4 e5 5. Nb5 d5 6. cxd5 Bc5 7. e3 O-O 8. N5c3 e4 9. Be2 Re8 10. a3 Bf5 11. b4 Bd6 12. h3 Nbd7 13. Bb2 Ne5 14. Nd2 Rc8 15. Rc1 Bb8 16. O-O Qd6 17. Nb5 Qxd5 18. Nc4 Nd3 19. Bxd3 exd3 20. Nd4 Be4 21. f3 Rxc4 22. Rxc4 Qxc4 23. fxe4 Nxe4 24. Qf3 Nd2 25. Qg4 Nxf1 26. Nf5 Qxg4 0-1